| TOP OF THE 1ST |
|
Durham Bulls batting - Pitching for Fresno Grizzlies : RHP Jim Davis
|
|
Pitching: RHP Jim Davis
|
|
|
Batting: LHB Angel Ruvalcaba
|
0-0: Ball 1-0: Reached on error, E3 (Groundball, 3, EV 84.4 MPH)
|
|
Batting: LHB Robin More
|
0-0: SINGLE (Groundball, 6MD, EV 108.1 MPH) Angel Ruvalcaba to second Runner from 2nd tries for 3rd, SAFE, throw by CF made to third
|
|
Batting: RHB Eugênio Asceno
|
0-0: Grounds into double play, 5-4-3 (Groundball, 56, EV 104.4 MPH) Angel Ruvalcaba scores
|
|
Batting: RHB Danny Diaz
|
0-0: Ground out 6-3 (Groundball, 6, EV 85.0 MPH)
|
| Top of the 1st over - 1 run, 1 hit, 1 error, 0 left on base; Durham 1 - Fresno 0 |
| BOTTOM OF THE 1ST |
|
Fresno Grizzlies batting - Pitching for Durham Bulls : RHP Bill Alicea
|
|
Pitching: RHP Bill Alicea
|
|
|
Batting: RHB Paul Shell
|
0-0: Called Strike 0-1: Called Strike 0-2: Strikes out swinging
|
|
Batting: LHB Chris Cabrera
|
0-0: Called Strike 0-1: Called Strike 0-2: Ball 1-2: Foul Ball, location: 2F 1-2: Fly out, F7 (Line Drive, 7LM, EV 85.6 MPH)
|
|
Batting: LHB Mike Davis
|
0-0: Called Strike 0-1: Reached on error, E6 (Groundball, 6M, EV 87.5 MPH)
|
|
Batting: RHB Dave Glenn
|
0-0: Called Strike Mike Davis steals 2nd base 0-1: Ball 1-1: Fly out, F7 (Flyball, 78XD, EV 103.8 MPH)
|
| Bottom of the 1st over - 0 runs, 0 hits, 1 error, 1 left on base; Durham 1 - Fresno 0 |
| TOP OF THE 2ND |
|
Durham Bulls batting - Pitching for Fresno Grizzlies : RHP Jim Davis
|
|
Batting: SHB Ben Pierce
|
0-0: Ball 1-0: Called Strike 1-1: Called Strike 1-2: Ball 2-2: Foul Ball, location: 2F 2-2: Foul Ball, location: 2F 2-2: Fly out, F8 (Line Drive, 8LD, EV 85.6 MPH)
|
|
Batting: LHB Brian Hollinger
|
0-0: Fly out, F7 (Flyball, 78M, EV 90.6 MPH)
|
|
Batting: RHB Kevin Kush
|
0-0: Fly out, F8 (Line Drive, 8LM, EV 98.1 MPH)
|
| Top of the 2nd over - 0 runs, 0 hits, 0 errors, 0 left on base; Durham 1 - Fresno 0 |
| BOTTOM OF THE 2ND |
|
Fresno Grizzlies batting - Pitching for Durham Bulls : RHP Bill Alicea
|
|
Batting: LHB Anthony Howie
|
0-0: Foul Ball, location: 2F 0-1: Foul Ball, location: 2F 0-2: Strikes out looking
|
|
Batting: RHB Chris Fitzgerald
|
0-0: Ball 1-0: Foul Ball, location: 2F 1-1: Ball 2-1: Ball 3-1: Foul Ball, location: 2F 3-2: Base on Balls
|
|
Batting: LHB Chris Redding
|
0-0: Ball 1-0: Called Strike 1-1: Foul Ball, location: 2F 1-2: Fielders Choice at 2nd, 5-4 (Groundball, 56, EV 90.6 MPH)
|
|
Batting: LHB Alexis Montoya
|
0-0: Ball 1-0: SINGLE (Flyball, 9LS, EV 90.6 MPH) Chris Redding to second Runner from 2nd tries for 3rd, SAFE, throw by RF made to third
|
|
Batting: SHB Malik Whitted
|
0-0: SINGLE (Groundball, 25, EV 66.3 MPH) (infield hit) Chris Redding scores Alexis Montoya to second
|
|
Batting: RHB Paul Shell
|
0-0: Foul Ball, location: 2F 0-1: Fly out, F8 (Line Drive, 8RD, EV 92.5 MPH)
|
| Bottom of the 2nd over - 1 run, 2 hits, 0 errors, 2 left on base; Durham 1 - Fresno 1 |
| TOP OF THE 3RD |
|
Durham Bulls batting - Pitching for Fresno Grizzlies : RHP Jim Davis
|
|
Batting: LHB Danny Hull
|
0-0: Ball 1-0: Foul Ball, location: 2F 1-1: Ground out U3 (Groundball, 3, EV 106.3 MPH)
|
|
Batting: RHB Jose Herrera
|
0-0: Swinging Strike 0-1: Foul Ball, location: 2F 0-2: Strikes out swinging
|
|
Batting: LHB Angel Ruvalcaba
|
0-0: Ball 1-0: Called Strike 1-1: Ground out 5-3 (Groundball, 56, EV 81.3 MPH)
|
| Top of the 3rd over - 0 runs, 0 hits, 0 errors, 0 left on base; Durham 1 - Fresno 1 |
| BOTTOM OF THE 3RD |
|
Fresno Grizzlies batting - Pitching for Durham Bulls : RHP Bill Alicea
|
|
Batting: LHB Chris Cabrera
|
0-0: Ball 1-0: Called Strike 1-1: Ground out 6-3 (Groundball, 6, EV 91.9 MPH)
|
|
Batting: LHB Mike Davis
|
0-0: Foul Ball, location: 2F 0-1: Ball 1-1: Foul Ball, location: 2F 1-2: Ground out 6-3 (Groundball, P, EV 82.5 MPH)
|
|
Batting: RHB Dave Glenn
|
0-0: Called Strike 0-1: SOLO HOME RUN (Flyball, 8RXD, EV 115.0 MPH), Distance : 449 ft
|
|
Batting: LHB Anthony Howie
|
0-0: Called Strike 0-1: Ball 1-1: Called Strike 1-2: Ball 2-2: Ball 3-2: Strikes out looking
|
| Bottom of the 3rd over - 1 run, 1 hit, 0 errors, 0 left on base; Durham 1 - Fresno 2 |
| TOP OF THE 4TH |
|
Durham Bulls batting - Pitching for Fresno Grizzlies : RHP Jim Davis
|
|
Batting: LHB Robin More
|
0-0: Swinging Strike 0-1: Called Strike 0-2: Foul Ball, location: 2F 0-2: Ball 1-2: Ball 2-2: Foul Ball, location: 2F 2-2: Fly out, F4 (Flyball, 34D, EV 86.9 MPH)
|
|
Batting: RHB Eugênio Asceno
|
0-0: Called Strike 0-1: Ball 1-1: Ball 2-1: Foul Ball, location: 2F 2-2: Foul Ball, location: 2F 2-2: Ball 3-2: Ground out 5-3 (Groundball, 56S, EV 86.9 MPH)
|
|
Batting: RHB Danny Diaz
|
0-0: Ground out 5-3 (Groundball, 15, EV 76.9 MPH)
|
| Top of the 4th over - 0 runs, 0 hits, 0 errors, 0 left on base; Durham 1 - Fresno 2 |
| BOTTOM OF THE 4TH |
|
Fresno Grizzlies batting - Pitching for Durham Bulls : RHP Bill Alicea
|
|
Batting: RHB Chris Fitzgerald
|
0-0: SINGLE (Line Drive, 78S, EV 104.4 MPH)
|
|
Batting: LHB Chris Redding
|
0-0: Ball 1-0: Ball 2-0: Ball 3-0: Called Strike 3-1: Grounds into double play, 4-6-3 (Groundball, 4, EV 86.3 MPH)
|
|
Batting: LHB Alexis Montoya
|
0-0: Foul Ball, location: 2F 0-1: Ball 1-1: Ball 2-1: Swinging Strike 2-2: Ground out U3 (Groundball, 34, EV 89.4 MPH)
|
| Bottom of the 4th over - 0 runs, 1 hit, 0 errors, 0 left on base; Durham 1 - Fresno 2 |
| TOP OF THE 5TH |
|
Durham Bulls batting - Pitching for Fresno Grizzlies : RHP Jim Davis
|
|
Batting: SHB Ben Pierce
|
0-0: Foul Ball, location: 2F 0-1: Ball 1-1: Foul Ball, location: 2F 1-2: Ball 2-2: Ball 3-2: Foul Ball, location: 2F 3-2: Ground out 5-3 (Groundball, 56S, EV 92.5 MPH)
|
|
Batting: LHB Brian Hollinger
|
0-0: Called Strike 0-1: Ball 1-1: Swinging Strike 1-2: Ground out 5-3 (Groundball, 56S, EV 85.6 MPH)
|
|
Batting: RHB Kevin Kush
|
0-0: Called Strike 0-1: Ball 1-1: Ball 2-1: Ball 3-1: SINGLE (Groundball, 6MD, EV 98.1 MPH)
|
|
Batting: LHB Danny Hull
|
0-0: Called Strike 0-1: Ball 1-1: Called Strike 1-2: Ground out U3 (Groundball, 3L, EV 93.1 MPH)
|
| Top of the 5th over - 0 runs, 1 hit, 0 errors, 1 left on base; Durham 1 - Fresno 2 |
| BOTTOM OF THE 5TH |
|
Fresno Grizzlies batting - Pitching for Durham Bulls : RHP Bill Alicea
|
|
Batting: SHB Malik Whitted
|
0-0: Ball 1-0: Foul Ball, location: 2F 1-1: Ground out 4-3 (Groundball, 4, EV 82.5 MPH)
|
|
Batting: RHB Paul Shell
|
0-0: Called Strike 0-1: Ball 1-1: Ball 2-1: Ball 3-1: Ground out 6-3 (Groundball, 6, EV 103.8 MPH)
|
|
Batting: LHB Chris Cabrera
|
0-0: Ball 1-0: Ground out 6-3 (Groundball, 6, EV 91.9 MPH)
|
| Bottom of the 5th over - 0 runs, 0 hits, 0 errors, 0 left on base; Durham 1 - Fresno 2 |
| TOP OF THE 6TH |
|
Durham Bulls batting - Pitching for Fresno Grizzlies : RHP Jim Davis
|
|
Batting: RHB Jose Herrera
|
0-0: Ball 1-0: Foul Ball, location: 2F 1-1: Ball 2-1: Foul Ball, location: 2F 2-2: Ball 3-2: SINGLE (Line Drive, 34D, EV 97.5 MPH)
|
|
Batting: LHB Angel Ruvalcaba
|
0-0: Foul Ball, location: 2F 0-1: Called Strike 0-2: Ball 1-2: Fly out, F3 (Popup, 3SF, EV 77.5 MPH)
|
|
Batting: LHB Robin More
|
0-0: Ball 1-0: Ball 2-0: Foul Ball, location: 2F 2-1: Ball 3-1: Base on Balls Jose Herrera to second
|
|
Batting: RHB Eugênio Asceno
|
0-0: Ball Wild Pitch! Jose Herrera to third Robin More to second 1-0: Ball 2-0: SINGLE (Popup, 56D, EV 48.8 MPH) Jose Herrera scores Robin More to third
|
|
Batting: RHB Danny Diaz
|
0-0: Ball 1-0: Ball 2-0: Called Strike 2-1: Ball 3-1: Grounds into double play, 4-6-3 (Groundball, 34, EV 88.1 MPH)
|
| Top of the 6th over - 1 run, 2 hits, 0 errors, 1 left on base; Durham 2 - Fresno 2 |
| BOTTOM OF THE 6TH |
|
Fresno Grizzlies batting - Pitching for Durham Bulls : RHP Bill Alicea
|
|
Batting: LHB Mike Davis
|
0-0: Ball 1-0: SINGLE (Groundball, 4M, EV 100.0 MPH) (infield hit)
|
|
Batting: RHB Dave Glenn
|
0-0: Ball 1-0: Swinging Strike 1-1: Ball 2-1: Foul Ball, location: 2F 2-2: Ball 3-2: Ground out 5-3 (Groundball, 56, EV 101.9 MPH) Mike Davis to second
|
|
Batting: LHB Anthony Howie
|
0-0: Called Strike 0-1: Called Strike 0-2: Foul Ball, location: 2F 0-2: Strikes out swinging
|
|
Batting: RHB Chris Fitzgerald
|
0-0: Ground out 6-3 (Groundball, 56D, EV 87.5 MPH)
|
| Bottom of the 6th over - 0 runs, 1 hit, 0 errors, 1 left on base; Durham 2 - Fresno 2 |
| TOP OF THE 7TH |
|
Durham Bulls batting - Pitching for Fresno Grizzlies : RHP Jim Davis
|
|
Pitching: RHP Tommy Cunningham
|
|
|
Batting: SHB Ben Pierce
|
0-0: Ball 1-0: Ball 2-0: Ball 3-0: Base on Balls
|
|
Batting: LHB Brian Hollinger
|
0-0: Foul Ball, location: 2F 0-1: Ball Wild Pitch! Ben Pierce to second 1-1: Intentional Walk
|
|
Batting: RHB Kevin Kush
|
0-0: Ball 1-0: Bunted foul 1-1: Sac Bunt to 2R - play at first, batter OUT! 2-4 Ben Pierce to third Brian Hollinger to second
|
|
Batting: LHB Danny Hull
|
0-0: Intentional Walk
|
|
Batting: RHB Jose Herrera
|
0-0: Called Strike 0-1: Ball 1-1: Foul Ball, location: 2F 1-2: SINGLE (Groundball, 6, EV 97.5 MPH) (infield hit) Ben Pierce scores Brian Hollinger to third Danny Hull to second
|
|
Batting: LHB Angel Ruvalcaba
|
0-0: Ball 1-0: Ball 2-0: Called Strike 2-1: Foul Ball, location: 2F 2-2: Ball 3-2: Grounds into fielders choice 1-2 (Groundball, P, EV 65.0 MPH) Danny Hull to third Jose Herrera to second
|
|
Batting: LHB Robin More
|
0-0: Ball 1-0: Foul Ball, location: 2F 1-1: Called Strike 1-2: Ball 2-2: Foul Ball, location: 2F 2-2: Foul Ball, location: 2F 2-2: Ground out 4-3 (Groundball, 4MS, EV 63.1 MPH)
|
| Top of the 7th over - 1 run, 1 hit, 0 errors, 3 left on base; Durham 3 - Fresno 2 |
| BOTTOM OF THE 7TH |
|
Fresno Grizzlies batting - Pitching for Durham Bulls : RHP Bill Alicea
|
|
Batting: LHB Chris Redding
|
0-0: Ball 1-0: Ground out 6-3 (Groundball, 6M, EV 87.5 MPH)
|
|
Batting: LHB Alexis Montoya
|
0-0: Ground out U3 (Groundball, 3, EV 82.5 MPH)
|
|
Batting: SHB Malik Whitted
|
0-0: Swinging Strike 0-1: Foul Ball, location: 2F 0-2: Ground out 4-3 (Groundball, 4, EV 102.5 MPH)
|
| Bottom of the 7th over - 0 runs, 0 hits, 0 errors, 0 left on base; Durham 3 - Fresno 2 |
| TOP OF THE 8TH |
|
Durham Bulls batting - Pitching for Fresno Grizzlies : RHP Tommy Cunningham
|
|
Pitching: RHP Antonio Escobosa
|
|
|
Batting: RHB Eugênio Asceno
|
0-0: Called Strike 0-1: Called Strike 0-2: Foul Ball, location: 2F 0-2: Strikes out swinging
|
|
Batting: RHB Danny Diaz
|
0-0: Ball 1-0: Ball 2-0: SOLO HOME RUN (Line Drive, 7LD, EV 95.6 MPH), Distance : 355 ft
|
|
Batting: SHB Ben Pierce
|
0-0: Fly out, F7 (Flyball, 7D, EV 90.0 MPH)
|
|
Batting: LHB Brian Hollinger
|
0-0: Ball 1-0: Ground out U3 (Groundball, 34, EV 108.8 MPH)
|
| Top of the 8th over - 1 run, 1 hit, 0 errors, 0 left on base; Durham 4 - Fresno 2 |
| BOTTOM OF THE 8TH |
|
Fresno Grizzlies batting - Pitching for Durham Bulls : RHP Bill Alicea
|
|
Batting: RHB Paul Shell
|
0-0: Ball 1-0: Reached on error, E8 (Flyball, 8RM, EV 88.1 MPH)
|
|
Batting: LHB Chris Cabrera
|
0-0: Called Strike 0-1: 2-RUN HOME RUN (Flyball, 9D, EV 99.4 MPH), Distance : 387 ft
|
|
Batting: LHB Mike Davis
|
0-0: Ball 1-0: Ball 2-0: Ball 3-0: Called Strike 3-1: Base on Balls
|
|
Batting: RHB Dave Glenn
|
0-0: Ball 1-0: Called Strike Mike Davis steals 2nd base 1-1: Called Strike 1-2: Foul Ball, location: 2F 1-2: Foul Ball, location: 2F 1-2: Ball 2-2: Ground out 2-3 (Groundball, 2R, EV 64.4 MPH) Mike Davis to third
|
|
Pitching: RHP Eric Hudson
|
|
|
Batting: LHB Anthony Howie
|
0-0: Ball 1-0: Ball 2-0: Called Strike 2-1: Fly out, F7 (Flyball, 78M, EV 96.9 MPH) Runner from 3rd tags up, OUT at HOME! 7-2
|
| Bottom of the 8th over - 2 runs, 1 hit, 1 error, 0 left on base; Durham 4 - Fresno 4 |
| TOP OF THE 9TH |
|
Durham Bulls batting - Pitching for Fresno Grizzlies : RHP Antonio Escobosa
|
|
Pinch Hitting: SHB Soudai Abe
|
0-0: Called Strike 0-1: Ball 1-1: Ball 2-1: Foul Ball, location: 2F 2-2: SINGLE (Line Drive, 3D, EV 95.0 MPH)
|
|
Batting: LHB Danny Hull
|
0-0: Called Strike 0-1: Ball 1-1: Bunted foul 1-2: Foul Ball, location: 2F 1-2: Foul Ball, location: 2F 1-2: Strikes out swinging
|
|
Batting: RHB Jose Herrera
|
0-0: Ball 1-0: Fly out, F5 (Popup, 6S, EV 76.9 MPH)
|
|
Batting: LHB Angel Ruvalcaba
|
0-0: Foul Ball, location: 2F 0-1: Ball 1-1: Ball 2-1: Foul Ball, location: 2F 2-2: Ground out U3 (Groundball, 34, EV 99.4 MPH)
|
| Top of the 9th over - 0 runs, 1 hit, 0 errors, 1 left on base; Durham 4 - Fresno 4 |
| BOTTOM OF THE 9TH |
|
Fresno Grizzlies batting - Pitching for Durham Bulls : RHP Eric Hudson
|
|
Now in LF: Angel Ruvalcaba
|
|
|
Now in CF: Jeremy Burton
|
|
|
Batting: RHB Chris Fitzgerald
|
0-0: Called Strike 0-1: Ball 1-1: Fly out, F9 (Line Drive, 9D, EV 88.8 MPH)
|
|
Batting: LHB Chris Redding
|
0-0: Ball 1-0: Called Strike 1-1: Ball 2-1: Ball 3-1: Foul Ball, location: 2F 3-2: Strikes out swinging
|
|
Batting: LHB Alexis Montoya
|
0-0: Ball 1-0: Ball 2-0: Called Strike 2-1: Foul Ball, location: 2F 2-2: Ball 3-2: Strikes out looking
|
| Bottom of the 9th over - 0 runs, 0 hits, 0 errors, 0 left on base; Durham 4 - Fresno 4 |
| TOP OF THE 10TH |
|
Durham Bulls batting - Pitching for Fresno Grizzlies : RHP Antonio Escobosa
|
|
Pitching: RHP Chad Curry
|
|
|
Batting: LHB Robin More
|
0-0: Ball 1-0: Ball 2-0: Foul Ball, location: 2F 2-1: Called Strike 2-2: Strikes out swinging
|
|
Batting: RHB Eugênio Asceno
|
0-0: Called Strike 0-1: Foul Ball, location: 2F 0-2: Ball 1-2: Ground out 5-3 (Groundball, 56S, EV 65.6 MPH)
|
|
Batting: RHB Danny Diaz
|
0-0: Ball 1-0: Ball 2-0: Ball 3-0: Called Strike 3-1: Ground out 4-3 (Groundball, 4, EV 95.0 MPH)
|
| Top of the 10th over - 0 runs, 0 hits, 0 errors, 0 left on base; Durham 4 - Fresno 4 |
| BOTTOM OF THE 10TH |
|
Fresno Grizzlies batting - Pitching for Durham Bulls : RHP Eric Hudson
|
|
Pitching: RHP Antonio Sanchez
|
|
|
Batting: SHB Malik Whitted
|
0-0: SINGLE (Groundball, 4MD, EV 96.9 MPH)
|
|
Batting: RHB Paul Shell
|
0-0: Sac Bunt to 15S - play at first, batter OUT! 1-4 Malik Whitted to second
|
|
Batting: LHB Chris Cabrera
|
0-0: Called Strike 0-1: Foul Ball, location: 2F 0-2: SINGLE (Line Drive, 7S, EV 106.9 MPH) Malik Whitted to third
|
|
Batting: LHB Mike Davis
|
0-0: Called Strike 0-1: Foul Ball, location: 2F 0-2: Ball 1-2: Ball 2-2: SINGLE (Flyball, 9LS, EV 97.5 MPH) Malik Whitted scores
|
| Bottom of the 10th over - 1 run, 3 hits, 0 errors, 0 left on base; Durham 4 - Fresno 5 |
| |
|
Game Over ... Fresno defeats Durham, 5 to 4
|
|
|